 Dungeon Crawl Stone Soup version 0.28-a0-1629-gf728b707aa (console) character file.

Game seed: 13592651215492637447

63 jejorda2 the Poker (level 4, 0/37 HPs)
             Began as a Merfolk Berserker on Jan 24, 2022.
             Was a Believer of Trog.
             Slain by a gnoll (1 damage)
             ... on level 2 of the Dungeon.
             The game lasted 00:04:02 (1396 turns).

jejorda2 the Poker (Merfolk Berserker)              Turns: 1396, Time: 00:04:03

Health: 0/37       AC:  6    Str: 19    XL:     4   Next: 9%
Magic:  4/4        EV: 10    Int:  6    God:    Trog [**....]
Gold:   38         SH:  0    Dex: 13    Spells: 3/3 levels left

rFire   . . .      SeeInvis .   a - +0 spear
rCold   . . .      Faith    .   (no shield)
rNeg    . . .      Spirit   .   g - +0 scale mail
rPois   .          Reflect  .   (no helmet)
rElec   .          Harm     .   (no cloak)
rCorr   .          Rampage  .   (no gloves)
Will    .....                   (no boots)
Stlth   ..........              (no amulet)
HPRegen 0.12/turn               (no ring)
MPRegen 0.09/turn               (no ring)

@: no status effects
A: (nimble swimmer 2), mertail
a: Renounce Religion, Berserk, Trog's Hand


You were on level 2 of the Dungeon.
You worshipped Trog.
Trog was pleased with you.
You visited 1 branch of the dungeon, and saw 3 of its levels.

You collected 135 gold pieces.
You spent 97 gold pieces at shops.

Inventory:

Hand Weapons
 a - a +0 spear (weapon)
Armour
 g - a +0 scale mail (worn)
Scrolls
 e - a scroll of acquirement {unknown}
 h - 2 scrolls of identify {unknown}
 l - a scroll of blinking
Potions
 b - a potion of cancellation {unknown}
 c - a potion of heal wounds {unknown}
 d - a potion of resistance {unknown}
 f - a potion of curing {unknown}
 i - a potion of brilliance {unknown}
 j - a potion of attraction {unknown}
 k - a potion of might {unknown}


   Skills:
 + Level 3.8 Fighting
 * Level 5.9 Polearms
 + Level 2.0 Armour
 - Level 2.6 Dodging


You had 3 spell levels left.
You didn't know any spells.
Your spell library was empty.

Dungeon Overview and Level Annotations

Branches:
Dungeon (3/15)

Altars:

Shops:
D:1 ((**


Innate Abilities, Weirdness & Mutations

((You are very nimble when in or above water. (Stealth+, EV+, Speed+++)))
Your lower body shifts to a powerful aquatic tail in water.


Message History

The gnoll hits you with a +0 flail. x2
You hit the gnoll.
The gnoll is moderately wounded.
You hit the gnoll but do no damage.
The gnoll is moderately wounded.
The gnoll hits you with a +0 spear. The gnoll barely misses you. x2
You puncture the gnoll!
The gnoll is almost dead.
The gnoll hits you but does no damage. The gnoll hits you with a +0 flail. x2
You barely miss the gnoll.
The gnoll is almost dead.
The gnoll hits you but does no damage. The gnoll closely misses you.
The gnoll hits you but does no damage.
You hit the gnoll.
You kill the gnoll!
Trog accepts your kill. The gnoll hits you with a +0 flail.
The gnoll hits you with a +0 flail!
* * * LOW HITPOINT WARNING * * *
Your Armour skill increases to level 2!
You have reached level 4!
Press: ? - help, v - describe, . - travel
Here: a gnoll, wielding a +0 flail and quivering a throwing net The floor.
Unknown command.
You hit the gnoll.
The gnoll is lightly wounded.
You hit the gnoll but do no damage.
The gnoll is lightly wounded.
The gnoll closely misses you. The gnoll barely misses you.
You hit the gnoll.
The gnoll is moderately wounded.
The gnoll hits you with a +0 flail.
* * * LOW HITPOINT WARNING * * *
The gnoll hits you with a +0 flail.
* * * LOW HITPOINT WARNING * * *
Unknown command.
You barely miss the gnoll.
The gnoll is moderately wounded.
The gnoll hits you with a +0 flail.
You die...

...####........................#
.#...............###...........#
.#...##..........# ##.........##
...#..#..........#####...#...##
.##................# #########
..#......).........###
.........)...........###
...............)g#.....#
##.............g@....#.#
....###..........##....# ..###
#.............#### ..#
############### ..# ..# ..# ..#
###


You could see 2 gnolls.

Vanquished Creatures
  An adder (D:2)
  A gnoll (D:2)
  A ball python (D:2)
  3 endoplasms
  A giant cockroach (D:1)
  5 goblins
  7 hobgoblins
  4 jackals
  4 kobolds (D:2)
  2 quokkas (D:2)
  4 bats (D:1)
  2 frilled lizards (D:1)
  3 rats
38 creatures vanquished.

Notes
Turn   | Place    | Note
-------+----------+-------------------------------------------
     0 | D:1      | jejorda2 the Merfolk Berserker began the quest for the Orb.
     0 | D:1      | Reached XP level 1. HP: 18/18 MP: 1/1
    40 | D:1      | Found Qousi's Antique Weapon Boutique.
    52 | D:1      | Found Soidohi's Antique Weapon Shoppe.
   178 | D:1      | Reached XP level 2. HP: 21/24 MP: 2/2
   248 | D:1      | Reached skill level 5 in Polearms
   268 | D:1      | Found Leblacos's Assorted Antiques.
   298 | D:1      | Found Zaotics's General Store.
   619 | D:2      | Found a faded altar of an unknown god.
   634 | D:2      | Reached XP level 3. HP: 30/30 MP: 3/3
   892 | D:2      | Reached ** piety under Trog
  1309 | D:1      | Bought a scroll of blinking for 97 gold pieces
  1393 | D:2      | Reached XP level 4. HP: 7/37 MP: 4/4
  1395 | D:2      | HP: 1/37 [gnoll (5)]
  1396 | D:2      | Slain by a gnoll

Illustrated notes

Levels and vault maps discovered:
D:1:      lightli_arrival_boilingwater, layout_rooms, serial_shops, shop,
          nicolae_lakefront_shop, nicolae_shop_trees, nicolae_shop_stone,
          minmay_crystal_room, st_stairs_7
D:2:      layout_rooms, hellmonk_ecumenical_altar_blasted, minmay_pentomino_t4
D:3:      layout_loops_ring, mainiacjoe_overflow_alcove_4

Skill      XL: |  1  2  3 |
---------------+----------+-----
Polearms       | 5 |  5.9
Armour         | 2 |  2.0
Fighting       | |  3.8
Dodging        | |  2.6

Action                   |  1- 3 |  4- 6 || total
-------------------------+-------+-------++-------
Melee: Spear             |   126 |     4 ||   130
       Punch             |     1 |       ||     1
Invok: Berserk           |     1 |       ||     1
Armor: Animal skin       |     2 |       ||     2
       Scale mail        |    32 |       ||    32
Dodge: Dodged            |    45 |     2 ||    47

Table legend: (Time is in decaauts)
 A = Elapsed time spent in this place.
 B = Non-inter-level travel time spent in this place.
 C = Inter-level travel time spent in this place.
 D = Time resting spent in this place.
 E = Time spent auto-exploring this place.
 F = Levels seen in this place.
 G = Mean time per level.
                   A        B        C        D        E       F      G
               +--------+--------+--------+--------+--------+-----+--------+
         Total |   1385 |   1216 |    169 |      0 |    965 |   3 |  461.7 |
       Dungeon |   1385 |   1216 |    169 |      0 |    965 |   3 |  461.7 |
               +--------+--------+--------+--------+--------+-----+--------+

Top non-repeatable levels by time:
     D:1: 898 daAuts
     D:2: 484 daAuts
     D:3: 1 daAuts
